 Dungeon Crawl Stone Soup version 0.23.2-40-g277498a001 (webtiles) character file.

Game seed: 11270639265317522565

39 Htamos the Grave Robber (level 3, -5/15 HPs)
             Began as a Felid Necromancer on Sept 1, 2019.
             Shot with a sling bullet by a goblin (7 damage)
             ... on level 2 of the Dungeon.
             The game lasted 00:06:51 (3301 turns).

Htamos the Grave Robber (Felid Necromancer)         Turns: 3301, Time: 00:06:52

Health: -5/15      AC:  1    Str:  4    XL:     3   Next: 28%
Magic:  2/7        EV: 18    Int: 17    God:
Gold:   74         SH:  0    Dex: 16    Spells: 4/6 levels left
                                        Lives:  0   Deaths: 0

rFire    . . .     SeeInvis +   (weapon unavailable)
rCold    . . .     Gourm    .   (shield unavailable)
rNeg     . . .     Faith    .   (armour unavailable)
rPois    .         Spirit   .   (helmet unavailable)
rElec    .         Reflect  .   (cloak unavailable)
rCorr    .         Harm     .   (gloves unavailable)
MR       .....                  (boots unavailable)
Stlth    +++.......             (no amulet)
HPRegen  0.05/turn              (no ring)
MPRegen  0.10/turn              (no ring)

@: quick
A: very small, no armour, no weapons or thrown items, stealth, claws 1, fangs 3,
see invisible, carnivore, speed 1, shaggy fur 1, slow metabolism 1, sharp paws
a: no special abilities


You were on level 2 of the Dungeon.
You were full.

You visited 1 branch of the dungeon, and saw 2 of its levels.

You collected 74 gold pieces.

Inventory:

Jewellery
 e - an uncursed ring of fire
Scrolls
 a - a scroll of random uselessness {unknown}
 d - a scroll of remove curse {unknown}
Potions
 c - a potion of magic {unknown}
 f - a potion of agility {unknown}
 g - 3 potions of curing {unknown}
Comestibles
 b - 3 rations


   Skills:
 + Level 1.0 Fighting
 + Level 3.2 Dodging
 - Level 3.3 Stealth
 + Level 2.3 Spellcasting
 * Level 4.3 Necromancy


You had 4 spell levels left.
You knew the following spells:

 Your Spells              Type           Power        Failure   Level  Hunger
a - Pain                  Necr           ###.         3%          1    #......
b - Animate Skeleton      Necr           N/A          3%          1    #......

Your spell library contained the following spells:

 Spells                   Type           Power        Failure   Level  Hunger
 Vampiric Draining        Necr           ###.......   10%         3    ###....
 Regeneration             Chrm/Necr      #.........   24%         3    ###....
 Animate Dead             Necr           N/A          32%         4    #####..


Dungeon Overview and Level Annotations

Branches:
Dungeon (2/15)

Altars:
Ashenzari

Annotations:
D:1 exclusion: 2 downstairs


Innate Abilities, Weirdness & Mutations

You cannot wear armour.
You are incapable of wielding weapons or throwing items.
Your paws allow you to move quietly. (Stealth)
You have sharp claws.
You have razor-sharp teeth.
You have supernaturally acute eyesight. (SInv)
You are carnivorous and can eat meat at any time.
You cover ground quickly.
You are covered in fur. (AC +1)
You have a slow metabolism.
Your sharp claws are effective at attacking unaware monsters.


Message History

Press: ? - help, Shift-Dir - straight line, f/p - gnoll
Aim: a gnoll (almost dead, chance to defeat MR: 81%)
The gnoll barely resists.
Casting: Pain (safe; 3% risk of failure)
Confirm with . or Enter, or press ? or * to list all spells.
Aiming: Pain (safe; 3% risk of failure)
Press: ? - help, Shift-Dir - straight line, f/p - gnoll
Aim: a gnoll (almost dead, chance to defeat MR: 81%)
The gnoll barely resists.
* * * LOW MAGIC WARNING * * *
The goblin shoots a sling bullet.
The sling bullet closely misses you.
The goblin shoots a sling bullet.
The sling bullet hits you but does no damage.
The gnoll closely misses you.
There is a stone staircase leading up here.
You see here a sling bullet.
The gnoll hits you.
* * * LOW HITPOINT WARNING * * *
The goblin shoots a sling bullet.
The sling bullet hits you!
You die...

#.....#.#..%.### #
#....(g.......#
#...........#...
#...............
#.............## .
#..........##... .
###..........###....
#).g......#.# #.[.
#(@.......#..# #...
#.........##..#. #.
#...g......##... #.
#..............####
##.......#####.##..
#.........####....#
#..................
#...............##.
#..........####....


You could see 2 gnolls and a goblin.

Vanquished Creatures
  A gnoll (D:2)
  A leopard gecko (D:1)
  A ball python (D:1)
  3 bats
  3 giant cockroaches
  2 goblins (D:1)
  6 hobgoblins
  3 frilled lizards (D:2)
  2 kobolds (D:1)
  6 rats
28 creatures vanquished.

Notes
Turn   | Place    | Note
-------+----------+-------------------------------------------
     0 | D:1      | Htamos the Felid Necromancer began the quest for the Orb.
     0 | D:1      | Reached XP level 1. HP: 7/7 MP: 4/4
     3 | D:1      | Noticed an electric eel
     3 | D:1      | Noticed an electric eel
   597 | D:1      | Learned a level 1 spell: Animate Skeleton
   648 | D:1      | Reached XP level 2. HP: 7/12 MP: 3/6
  1812 | D:2      | Found a shattered altar of Ashenzari.
  3131 | D:2      | Reached XP level 3. HP: 14/15 MP: 4/7
  3175 | D:2      | Reached skill level 1 in Fighting
  3301 | D:2      | Shot with a sling bullet by a goblin

Skill      XL: |  1  2  3 |
---------------+----------+-----
Stealth        | 3 |  3.3
Dodging        | 3 |  3.2
Fighting       | 1 |  1.0
Spellcasting   | |  2.3
Necromancy     | |  4.3

Action                   || total
-------------------------++-------
Melee: Unarmed           ||    18
 Cast: Pain              ||    59
       Animate Skeleton  ||     4
 Stab: Sleeping          ||     2
  Eat: Chunk             ||    10
Armor: Skin              ||     4
Dodge: Dodged            ||    27
